 Dungeon Crawl Stone Soup version 0.25-a0-1113-g0499d652a8 (webtiles) character file.

Game seed: 13195189553504403281, levelgen mode: deterministic

27233 HoaS the Brawler (level 13, -3/136 HPs)
             Began as a Gargoyle Berserker on May 16, 2020.
             Was a High Priest of Trog.
             Slain by Snorg (13 damage)
             ... on level 6 of the Lair of Beasts.
             The game lasted 00:36:35 (18366 turns).

HoaS the Brawler (Gargoyle Berserker)              Turns: 18366, Time: 00:36:35

Health: -3/136     AC: 25    Str: 21    XL:     13   Next: 31%
Magic:  13/13      EV:  6    Int:  9    God:    Trog [*****.]
Gold:   972        SH:  0    Dex: 13    Spells: 12/12 levels left

rFire    + + .     SeeInvis .     - Unarmed
rCold    . . .     Gourm    .   (no shield)
rNeg     + . .     Faith    .   r - +2 plate armour
rPois    ∞         Spirit   .   u - +0 helmet
rElec    +         Reflect  .   (no cloak)
rCorr    .         Harm     .   y - +1 pair of gloves
MR       .....                  (no boots)
Stlth    ..........             (no amulet)
HPRegen  0.32/turn              D - ring of protection from fire
MPRegen  0.13/turn              a - ring of protection from fire

@: berserking, very quick
A: negative energy resistance 1, electricity resistance, unbreathing,
petrification resistance, rot immunity, AC +9
a: Berserk, Trog's Hand, Brothers in Arms, Renounce Religion


You were on level 6 of the Lair of Beasts.
You worshipped Trog.
Trog was extremely pleased with you.
You were very hungry.

You visited 3 branches of the dungeon, and saw 17 of its levels.

You collected 972 gold pieces.

Inventory:

Armour
 r - a +2 plate armour (worn)
 u - a +0 helmet (worn)
 y - a +1 pair of gloves (worn)
Jewellery
 a - a ring of protection from fire (right hand)
 f - an uncursed ring of see invisible
 C - an uncursed ring of stealth
 D - a ring of protection from fire (left hand)
Wands
 c - a wand of flame (56)
 j - a wand of digging (3)
 p - a wand of polymorph (25)
 q - a wand of paralysis (22)
 E - a wand of iceblast (5)
 G - a wand of disintegration (12)
Scrolls
 i - 4 scrolls of identify
 m - 2 scrolls of fog
 n - 3 scrolls of enchant armour
 v - 4 scrolls of remove curse
 A - a scroll of fear
 B - 3 scrolls of teleportation
Potions
 d - 2 potions of heal wounds
 e - a potion of berserk rage
 g - 3 potions of haste
 h - 3 potions of lignification
 k - a potion of resistance
 l - 6 potions of curing
 o - 3 potions of flight {unknown}
 s - 3 potions of stabbing
 t - 2 potions of mutation
 w - 3 potions of brilliance {unknown}
 x - 3 potions of might
Comestibles
 b - 28 rations


   Skills:
 + Level 14.9 Fighting
 - Level 2.1 Armour
 - Level 1.5 Dodging
 * Level 16.5 Unarmed Combat


You had 12 spell levels left.
You didn't know any spells.
Your spell library was empty.

Dungeon Overview and Level Annotations

Branches:
Dungeon (10/15)            Temple (1/1) D:4            Lair (6/6) D:9
 Shoals (0/4) Lair:4       Spider (0/4) Lair:2        Slime (0/5) Lair:5
    Orc: D:9-12

Altars:
Ashenzari
Cheibriados
Dithmenos
Elyvilon
Fedhas
Gozag
Hepliaklqana
Kikubaaqudgha
Makhleb
Nemelex Xobeh
Okawaru
Qazlal
Ru
Sif Muna
Trog
Uskayaw
Vehumet
Wu Jian
Xom
Yredelemnul
Zin
The Shining One

Shops:
D:6 ?:?   D:7 =   D:9 *   D:10 :

Annotations:
Lair:6 Snorg


Innate Abilities, Weirdness & Mutations

You are resistant to torment.
Your stone body is resilient. (AC +9)
You are immune to poison.
You resist negative energy. (rN+)
You are resistant to electric shocks. (rElec)
You can survive without breathing.
You are immune to petrification.
You are immune to rotting.


Message History

Snorg is lightly wounded.
Snorg barely misses you. Snorg claws you but does no damage.
Snorg barely misses you.
You hit Snorg.
Snorg is lightly wounded.
You closely miss Snorg.
Snorg is lightly wounded.
Snorg bites you! Snorg barely misses you. Snorg claws you but does no damage.
You pummel Snorg!!
Snorg is heavily wounded.
Snorg bites you!!
* * * LOW HITPOINT WARNING * * *
Snorg claws you but does no damage. Snorg claws you!
* * * LOW HITPOINT WARNING * * *
You pummel Snorg!!
Snorg is heavily wounded.
You closely miss Snorg.
Snorg is heavily wounded.
Snorg bites you!
You die...

...........##
....................#
.......^........<...##
.....................#
.....................#
....................###
......................#
.....................##
#)....T@........## .##
####............P# ..
#.#...........## ..#
#####...<.....# ..#
#..#....### P..#
####÷#....###...#
#)##.........##
########.÷....#
#.........


You could see Snorg (berserk).

Vanquished Creatures
  3 hydras
  A two-headed ogre (D:10)
  Sonja (Lair:4)
  6 elephants (Lair:5)
  A centaur zombie (D:10)
  A torpor snail (Lair:3)
  2 rime drakes
  12 spiny frogs
  2 komodo dragons
  Maggie (D:7)
  A tyrant leech (Lair:6)
  A polar bear (Lair:5)
  9 blink frogs
  5 hippogriffs
  4 basilisks
  17 yaks
  3 wyverns
  2 hungry ghosts
  4 vampire mosquitoes
  Menkaure (D:7)
  9 water moccasins
  10 porcupines
  3 sky beasts
  A hornet zombie (D:7)
  4 orc warriors
  An ice beast (D:9)
  8 black bears
  2 necrophages
  2 eyes of draining
  4 ogres
  4 wolves
  3 centaurs
  12 crocodiles
  18 bullfrogs
  A wyvern skeleton (D:9)
  A scorpion (D:6)
  9 killer bees
  A water moccasin skeleton (D:10)
  5 wights (D:6)
  5 crimson imps
  A bullfrog zombie (D:10)
  2 jellies
  A bullfrog skeleton (D:8)
  8 orc priests
  6 hounds
  A quasit (D:8)
  A centaur skeleton (D:7)
  3 iron imps (D:5)
  2 iguanas (D:9)
  Ijyb (D:5)
  Terence (D:2)
  9 orc wizards
  A hell rat (D:5)
  9 worker ants
  2 hound skeletons
  A howler monkey zombie (D:6)
  A worker ant zombie (D:10)
  9 gnolls
  11 adders
  6 river rats (D:5)
  2 shadow imps
  An adder skeleton (D:7)
  4 worms
  3 dart slugs
  4 leopard geckos
  34 orcs
  3 ball pythons
  5 giant cockroaches
  12 goblins
  8 hobgoblins
  9 jackals
  7 quokkas
  5 bats
  5 frilled lizards
  A jackal skeleton (D:8)
  7 kobolds
  A quokka zombie (D:4)
  19 rats
386 creatures vanquished.

Vanquished Creatures (others)
  5 fungi
  42 plants
47 creatures vanquished.

Grand Total: 433 creatures vanquished

Notes
Turn   | Place    | Note
-------+----------+-------------------------------------------
     0 | D:1      | HoaS the Gargoyle Berserker began the quest for the Orb.
     0 | D:1      | Reached XP level 1. HP: 14/14 MP: 1/1
   325 | D:1      | Reached XP level 2. HP: 14/19 MP: 2/2
  1346 | D:2      | Reached XP level 3. HP: 23/24 MP: 3/3
  1501 | D:2      | Reached skill level 4 in Unarmed Combat
  1560 | D:2      | Reached ** piety under Trog
  1702 | D:2      | Reached XP level 4. HP: 29/29 MP: 4/4
  1707 | D:2      | Noticed a black bear
  1724 | D:2      | Killed a black bear
  1724 | D:2      | Reached skill level 5 in Unarmed Combat
  1724 | D:2      | Reached XP level 5. HP: 4/34 MP: 5/5
  1970 | D:2      | Noticed Terence
  1992 | D:2      | Killed Terence
  2667 | D:3      | Reached XP level 6. HP: 40/40 MP: 6/6
  3116 | D:3      | Reached skill level 5 in Fighting
  3352 | D:3      | Reached skill level 6 in Unarmed Combat
  3436 | D:3      | Found a blossoming altar of Fedhas.
  3783 | D:4      | Noticed an orc warrior
  3801 | D:4      | Killed an orc warrior
  4112 | D:4      | Reached XP level 7. HP: 38/44 MP: 7/7
  4203 | D:4      | Reached *** piety under Trog
  4459 | D:4      | Reached skill level 7 in Unarmed Combat
  4526 | D:4      | Found a staircase to the Ecumenical Temple.
  4535 | Temple   | Entered the Ecumenical Temple
  4859 | D:5      | Entered Level 5 of the Dungeon
  5326 | D:5      | Noticed Ijyb
  5359 | D:5      | Killed Ijyb
  5492 | D:5      | Reached XP level 8. HP: 49/52 MP: 8/8
  5613 | D:5      | Found the +2 ratskin cloak {+Rats rPois rN+ Str-1 Int-1
                  | Dex+1}
  5637 | D:5      | Reached skill level 8 in Unarmed Combat
  6269 | D:5      | Found a burning altar of Makhleb.
  6386 | D:6      | Found Akoowih's Magic Scroll Boutique.
  6395 | D:6      | Reached **** piety under Trog
  6570 | D:6      | Reached skill level 9 in Unarmed Combat
  6576 | D:6      | Got a dazzling scale mail
  6587 | D:6      | Identified the +0 scale mail of Courage {rElec Int+4} (You
                  | found it on level 6 of the Dungeon)
  6619 | D:6      | Found a glowing silver altar of Zin.
  6644 | D:6      | Found Nuubotzy's Book Shop.
  6827 | D:6      | Reached XP level 9. HP: 58/58 MP: 9/9
  6895 | D:6      | Found an ancient bone altar of Kikubaaqudgha.
  6962 | D:6      | Found a sacrificial altar of Ru.
  6967 | D:6      | Found an ornate altar of the Wu Jian Council.
  6968 | D:6      | Found a bloodstained altar of Trog.
  6972 | D:6      | Found a stormy altar of Qazlal.
  7102 | D:6      | Found Sopuym's Magic Scroll Shop.
  7175 | D:6      | Found a shadowy altar of Dithmenos.
  7252 | D:7      | Reached skill level 10 in Unarmed Combat
  7459 | D:7      | Found Jepixtap's Jewellery Boutique.
  7607 | D:7      | Noticed Maggie
  7627 | D:7      | Killed Maggie
  7828 | D:7      | Noticed Menkaure
  7836 | D:7      | Killed Menkaure
  7836 | D:7      | Reached skill level 11 in Unarmed Combat
  8143 | D:8      | Reached XP level 10. HP: 45/66 MP: 10/10
  8365 | D:8      | Reached ***** piety under Trog
  8677 | D:8      | Found a sparkling altar of Nemelex Xobeh.
  8678 | D:8      | Found an opulent altar of Gozag.
  8691 | D:8      | Reached skill level 12 in Unarmed Combat
  8789 | D:9      | Reached skill level 10 in Fighting
  9535 | D:9      | Found a staircase to the Lair.
  9572 | D:9      | Noticed a +0 dagger
  9573 | D:9      | Noticed a +0 hand axe
  9579 | D:9      | Found a hide-covered altar of Uskayaw.
  9866 | D:9      | Found Deikh's General Store.
 10037 | D:10     | Entered Level 10 of the Dungeon
 10272 | D:10     | Reached XP level 11. HP: 76/76 MP: 11/11
 10794 | D:10     | Noticed a two-headed ogre
 10802 | D:10     | Killed a two-headed ogre
 10941 | D:10     | Found Lussim's Book Shoppe.
 11171 | Lair:1   | Entered Level 1 of the Lair of Beasts
 11494 | Lair:1   | Reached skill level 13 in Unarmed Combat
 11521 | Lair:1   | Noticed a five-headed hydra
 11533 | Lair:1   | Killed a five-headed hydra
 11925 | Lair:1   | Found a shimmering altar of Xom.
 12454 | Lair:2   | Found a hole to the Spider Nest.
 12976 | Lair:2   | Received a gift from Trog
 13346 | Lair:3   | Reached skill level 14 in Unarmed Combat
 14039 | Lair:4   | Reached XP level 12. HP: 78/84 MP: 12/12
 14586 | Lair:4   | Found a staircase to the Shoals.
 14708 | Lair:4   | Noticed Sonja
 14753 | Lair:4   | Killed Sonja
 14884 | Lair:4   | Noticed a four-headed hydra
 14899 | Lair:4   | Killed a four-headed hydra
 14906 | Lair:4   | Reached skill level 15 in Unarmed Combat
 16709 | Lair:5   | Found a staircase to the Slime Pits.
 16807 | Lair:5   | Reached XP level 13. HP: 71/91 MP: 13/13
 17233 | Lair:5   | Reached skill level 16 in Unarmed Combat
 17365 | Lair:6   | Entered Level 6 of the Lair of Beasts
 17616 | Lair:6   | Received a gift from Trog
 18343 | Lair:6   | Noticed Snorg
 18366 | Lair:6   | Slain by Snorg

Illustrated notes

Levels and vault maps discovered:
D:1:      eino_arrival_tree_alley, layout_loops_corners, nrook_uturn,
          roderic_lattice_a, chequers_serial_rivers_micro_b
D:2:      layout_rooms, uniq_terence
D:3:      layout_loops_corners, fedhas_altar_4, serial_co_window_serial,
          co_window_of_opportunity_a, co_window_corner_a, co_window_cross_1,
          co_window_corner_a, co_window_of_opportunity_a, co_window_paths_a,
          co_window_corner_b, co_window_corner_ca, co_window_of_opportunity_b,
          co_window_corner_b, co_window_corner_b, co_window_of_opportunity_b,
          co_window_of_opportunity_b, glass_columns_b
D:4:      layout_loops_ring, minmay_temple_entry_antechambers, first_ration
D:5:      wander_guarded_unrand_ratskin, layout_basic, demons_altar, uniq_ijyb
D:6:      layout_rooms, zin_scriptorium, minitemple, marbit_many_paths,
          serial_shops, nicolae_shop_stone, nicolae_shop_trees, shop
D:7:      layout_basic, serial_shops, shop, water_boxes_lemuel, uniq_maggie,
          uniq_menkaure
D:8:      layout_rooms, grunt_temple_overflow_opulence, grunt_ogre_cave,
          minivault_23
D:9:      layout_long_grid, dancing_weapons_uskayaw, minmay_lair_entry_grove,
          kennysheep_windowed_goal
D:10:     layout_cave_pools, serial_gnoll_camp, gnoll_camp_mini_hut,
          gnoll_camp_mini_hut, gnoll_camp_mini_loothouse, gnoll_camp_mini_shop
Temple:   cyrus_temple_forest
Lair:1:   layout_cave_pods, basic_altar
Lair:2:   layout_gridlike, dummy_spider_entry, grunt_megastairs_1
Lair:3:   layout_roguey, infiniplex_staircase_pool, grunt_megastairs_4
Lair:4:   layout_regular_city, elwin_shoals_entry_rocks, uniq_sonja
Lair:5:   layout_regular_city, slime_dummy, gauntlet_entry_generic
Lair:6:   minmay_lair_end_frog_pond, layout_cave_pods, minivault_24, uniq_snorg

Skill      XL: |  1  2  3  4  5  6  7  8  9 10 11 12 13 |
---------------+----------------------------------------+-----
Unarmed Combat | 4 5 6 7 9 11 12 14 15 16 | 16.5
Fighting       | 4 5 6 7 9 12 13 14 | 14.9
Armour         | |  2.1
Dodging        | |  1.5

Action                   |  1- 3 |  4- 6 |  7- 9 | 10-12 | 13-15 || total
-------------------------+-------+-------+-------+-------+-------++-------
Melee: Unarmed           |   140 |   192 |   497 |   874 |   128 ||  1831
       Punch             |     3 |     5 |    14 |    42 |     5 ||    69
Invok: Berserk           |     1 |     2 |     2 |     3 |     1 ||     9
       Trog's Hand       |       |     2 |     1 |     3 |     1 ||     7
Evoke: Wand              |       |       |       |     5 |       ||     5
  Use: Scroll            |       |       |    15 |    11 |       ||    26
 Stab: Sleeping          |     1 |       |       |       |       ||     1
  Eat: Chunk             |     3 |    11 |    16 |    30 |     5 ||    65
       Ration            |       |       |       |     2 |       ||     2
Armor: Animal skin       |    21 |       |       |       |       ||    21
       Ring mail         |    24 |    29 |       |       |       ||    53
       Scale mail        |       |    54 |       |       |       ||    54
       Plate armour      |       |    17 |   293 |   655 |    93 ||  1058
Dodge: Dodged            |    67 |    62 |   114 |   232 |    30 ||   505

Table legend:
 A = Non-vault XP
 B = Vault XP
 C = Vault XP percentage of total XP
 D = Non-vault monster count
 E = Vault monster count
 F = Vault count percentage of total count
                 A         B        C        D         E       F
            +---------+---------+-------+---------+---------+-------
      Total |   29064 |    9841 |  25.3 |     309 |      77 |  19.9
            +---------+---------+-------+---------+---------+-------
        D:1 |      32 |       0 |   0.0 |      17 |       0 |   0.0
        D:2 |     237 |      36 |  13.2 |      25 |       1 |   3.8
        D:3 |     137 |       0 |   0.0 |      31 |       0 |   0.0
        D:4 |     440 |       0 |   0.0 |      19 |       0 |   0.0
        D:5 |     637 |     281 |  30.6 |      14 |      25 |  64.1
        D:6 |     808 |       0 |   0.0 |      24 |       0 |   0.0
        D:7 |     974 |     534 |  35.4 |      17 |       2 |  10.5
        D:8 |    1659 |     118 |   6.6 |      26 |       1 |   3.7
        D:9 |     990 |    1643 |  62.4 |      19 |      13 |  40.6
       D:10 |    3042 |     125 |   3.9 |      37 |       7 |  15.9
     Lair:1 |    1518 |       0 |   0.0 |       4 |       0 |   0.0
     Lair:2 |    1634 |     812 |  33.2 |      10 |       5 |  33.3
     Lair:3 |    1764 |     769 |  30.4 |       9 |       3 |  25.0
     Lair:4 |    5743 |     788 |  12.1 |      24 |       1 |   4.0
     Lair:5 |    8045 |     177 |   2.2 |      30 |       1 |   3.2
     Lair:6 |    1404 |    4558 |  76.5 |       3 |      18 |  85.7
            +---------+---------+-------+---------+---------+-------
